 Dungeon Crawl Stone Soup version 0.29.0-4-gdea44cf6ec (webtiles) character file.

Game seed: 3042683310296771781

107 qw the Ruffian (level 4, -3/36 HPs)
             Began as a Ghoul Fire Elementalist on Aug 30, 2022.
             Slain by Blork the orc
             ... wielding a +0 battleaxe
              (5 damage)
             ... on level 4 of the Dungeon.
             The game lasted 00:02:58 (3879 turns).

qw the Ruffian (Ghoul Fire Elementalist)            Turns: 3879, Time: 00:02:59

Health: -3/36      AC:  9    Str: 13    XL:     4   Next: 86%
Magic:  5/5        EV:  6    Int: 10    God:
Gold:   185        SH:  0    Dex:  9    Spells: 5/6 levels left

rFire   . . .      SeeInvis .     - Unarmed
rCold   + . .      Faith    .   (no shield)
rNeg    + + +      Spirit   .   f - +0 chain mail
rPois   inf        Reflect  .   (no helmet)
rElec   .          Harm     .   (no cloak)
rCorr   .          Rampage  .   (no gloves)
Will    .....                   l - +0 pair of boots
Stlth   ..........              e - amulet of regeneration
HPRegen 0.00/turn               (no ring)
MPRegen 0.09/turn               (no ring)

@: inhibited regen
A: claws 1, cold resistance 1, negative energy resistance 3, inhibited
regeneration, torment resistance 2, devour on kill
a: no special abilities


You were on level 4 of the Dungeon.
You visited 1 branch of the dungeon, and saw 4 of its levels.

You collected 185 gold pieces.


Innate Abilities, Weirdness & Mutations

You are immune to poison.
You have sharp fingernails.
Your flesh is cold resistant. (rC+)
You are immune to negative energy. (rN+++)
You do not regenerate when monsters are visible.
You are immune to unholy pain and torment.
You thrive by killing the living.


   Skills:
 + Level 1.6 Fighting
 - Level 1.0 Armour
 - Level 1.7 Dodging
 - Level 2.1 Stealth
 - Level 4.0 Unarmed Combat
 - Level 1.7 Spellcasting
 - Level 0.7 Conjurations
 - Level 2.4 Fire Magic


You had 5 spell levels left.
You knew the following spells:

 Your Spells              Type           Power      Damage    Failure   Level
a - Foxfire               Conj/Fire      16%        2x1d4     99%         1

Your spell library contained the following spells:

 Spells                   Type           Power      Damage    Failure   Level
 Scorch                   Fire           10%        2d6       99%         2
 Conjure Flame            Conj/Fire      4%         6-21      100%        3
 Inner Flame              Hex/Fire       3%         N/A       100%        3
 Flame Wave               Conj/Fire      4%         2d5       100%        4

Inventory:

Armour
 f - a +0 chain mail (worn)
 l - a +0 pair of boots (worn)
Jewellery
 e - an amulet of regeneration (around neck)
Scrolls
 a - a scroll of identify
 b - a scroll of enchant armour {unknown}
Potions
 c - a potion of degeneration {unknown}
 d - 6 potions of curing
 g - a potion of cancellation {unknown}
 k - a potion of might {unknown}

Dungeon Overview and Level Annotations

Branches:
Dungeon (4/15)
 Temple: D:4-7

Altars:
Ru

Shops:
D:1 =   D:3 (

Portals:
Abyss: D:3

Annotations:
D:3 2 transporters, qw's ghost, amateur TeWr
D:4 Blork the orc


Message History

Enter note:
b - a scroll labelled LOEGOHUAHA Blork the orc comes into view.
He is wielding a +0 battleaxe.
Blork the orc shouts!
Blork the orc gestures at you while chanting.
The magic dart hits you.
Blork the orc hits you with a +0 battleaxe.
You claw Blork the orc!
Blork the orc is moderately wounded.
Blork the orc hits you with a +0 battleaxe.
You barely miss Blork the orc.
Blork the orc is moderately wounded.
Blork the orc hits you with a +0 battleaxe.
You claw Blork the orc!
Blork the orc is heavily wounded.
Blork the orc hits you but does no damage.
You scratch Blork the orc.
Blork the orc is heavily wounded.
Blork the orc hits you with a +0 battleaxe.
You scratch Blork the orc.
Blork the orc is heavily wounded.
Blork the orc points at you and mumbles some strange words.
The magic dart hits you but does no damage.
You scratch Blork the orc.
Blork the orc is severely wounded.
Blork the orc casts a spell at you.
The magic dart hits you but does no damage.
You scratch Blork the orc but do no damage.
Blork the orc is severely wounded.
Blork the orc hits you but does no damage.
You closely miss Blork the orc.
Blork the orc is severely wounded.
Blork the orc hits you with a +0 battleaxe.
You closely miss Blork the orc.
Blork the orc is severely wounded.
Blork the orc hits you with a +0 battleaxe.
You closely miss Blork the orc.
Blork the orc is severely wounded.
Blork the orc hits you with a +0 battleaxe.
You die...

#......#....# ...
#......#)%..# ...
#......#....# ...
#......#....# ...
#......#%##########
#................
#................
#.o..............
#.@......).......
#................
##+#####................
#.......................
#.......................
#.......###+#########
#.......# #.......#
#.......#


You could see Blork the orc.

Vanquished Creatures
  An iguana (D:3)
  An adder (D:3)
  A dart slug (D:1)
  2 orcs
  4 ball pythons
  4 endoplasms
  2 giant cockroaches
  11 goblins
  8 hobgoblins
  9 jackals
  6 kobolds
  2 quokkas
  3 bats
  4 frilled lizards
  3 rats (D:1)
61 creatures vanquished.

Notes
Turn   | Place    | Note
-------+----------+-------------------------------------------
     0 | D:1      | qw the Ghoul Fire Elementalist began the quest for the Orb.
     0 | D:1      | Reached XP level 1. HP: 14/14 MP: 2/2
     0 | D:1      | 0 ||| qw: Version: 0.1-a-90-g952f4b7
     0 | D:1      | 0 ||| qw: Game counter: 4338
     0 | D:1      | 0 ||| qw: Always use a shield: true
     0 | D:1      | 0 ||| qw: God list: Okawaru
     0 | D:1      | 0 ||| qw: Allow faded altars: false
     0 | D:1      | 0 ||| qw: Do Orc after D:15 true
     0 | D:1      | 0 ||| qw: Do second Lair branch before Depths: true
     0 | D:1      | 0 ||| qw: Lair rune preference: random
     0 | D:1      | 0 ||| qw: Plans: Normal
     0 | D:1      | 0 ||| PLANNING D:1-11
    42 | D:1      | Reached skill level 1 in Unarmed Combat
    66 | D:1      | HP: 1/14 [dart slug/slug dart (3)]
    70 | D:1      | Reached skill level 1 in Fighting
    70 | D:1      | Reached XP level 2. HP: 4/23 MP: 3/3
   871 | D:1      | Found Worphufao's Jewellery Shop.
   889 | D:1      | 889 ||| SHOPLISTING +4 ring of protection (432 gold, have
                  | 65).
   889 | D:1      | 889 ||| SHOPLISTING +6 ring of strength (432 gold, have
                  | 65).
   889 | D:1      | 889 ||| SHOPLISTING amulet of reflection (360 gold, have
                  | 65).
   889 | D:1      | 889 ||| SHOPLISTING amulet of regeneration (360 gold, have
                  | 65).
   889 | D:1      | 889 ||| SHOPLISTING ring of ice (300 gold, have 65).
   889 | D:1      | 889 ||| SHOPLISTING ring of protection from cold (300 gold,
                  | have 65).
   889 | D:1      | 889 ||| SHOPLISTING ring of protection from fire (300 gold,
                  | have 65).
  1052 | D:1      | Reached skill level 2 in Unarmed Combat
  1246 | D:1      | 1246 ||| Stepping ~*~*~tactically~*~*~ (stealth).
  1515 | D:1      | Reached XP level 3. HP: 25/28 MP: 4/4
  1796 | D:1      | 1796 ||| UPGRADING to +0 leather armour.
  1806 | D:1      | 1806 ||| DROPPING +0 robe.
  1807 | D:1      | 1807 ||| READING scroll labelled FUCKEX CODEEG.
  1808 | D:1      | 1808 ||| DRINKING 2 fizzy green potions.
  1809 | D:1      | 1809 ||| DROPPING potion of magic.
  2029 | D:2      | Found a faded altar of an unknown god.
  2063 | D:2      | 2063 ||| FLEEEEING.
  2069 | D:2      | 2069 ||| FLEEEEING.
  2070 | D:2      | 2070 ||| FLEEEEING.
  2071 | D:2      | 2071 ||| FLEEEEING.
  2072 | D:2      | 2072 ||| FLEEEEING.
  2073 | D:2      | 2073 ||| FLEEEEING.
  2074 | D:2      | 2074 ||| FLEEEEING.
  2088 | D:2      | 2088 ||| FLEEEEING.
  2089 | D:2      | 2089 ||| FLEEEEING.
  2090 | D:2      | 2090 ||| FLEEEEING.
  2091 | D:2      | 2091 ||| FLEEEEING.
  2092 | D:2      | 2092 ||| FLEEEEING.
  2093 | D:2      | 2093 ||| FLEEEEING.
  2094 | D:2      | 2094 ||| FLEEEEING.
  2095 | D:2      | 2095 ||| FLEEEEING.
  2096 | D:2      | 2096 ||| FLEEEEING.
  2097 | D:2      | 2097 ||| FLEEEEING.
  2098 | D:2      | 2098 ||| FLEEEEING.
  2099 | D:2      | 2099 ||| FLEEEEING.
  2100 | D:2      | 2100 ||| FLEEEEING.
  2101 | D:2      | 2101 ||| FLEEEEING.
  2102 | D:2      | 2102 ||| FLEEEEING.
  2103 | D:2      | 2103 ||| FLEEEEING.
  2105 | D:2      | 2105 ||| FLEEEEING.
  2106 | D:2      | 2106 ||| FLEEEEING.
  2107 | D:2      | 2107 ||| FLEEEEING.
  2108 | D:2      | 2108 ||| FLEEEEING.
  2109 | D:2      | 2109 ||| FLEEEEING.
  2110 | D:2      | 2110 ||| FLEEEEING.
  2111 | D:2      | 2111 ||| FLEEEEING.
  2112 | D:2      | 2112 ||| FLEEEEING.
  2113 | D:2      | 2113 ||| FLEEEEING.
  2114 | D:2      | 2114 ||| FLEEEEING.
  2115 | D:2      | 2115 ||| FLEEEEING.
  2116 | D:2      | 2116 ||| FLEEEEING.
  2117 | D:2      | 2117 ||| FLEEEEING.
  2118 | D:2      | 2118 ||| FLEEEEING.
  2119 | D:2      | 2119 ||| FLEEEEING.
  2120 | D:2      | 2120 ||| FLEEEEING.
  2121 | D:2      | 2121 ||| FLEEEEING.
  2122 | D:2      | 2122 ||| FLEEEEING.
  2123 | D:2      | 2123 ||| FLEEEEING.
  2124 | D:2      | 2124 ||| FLEEEEING.
  2125 | D:2      | 2125 ||| FLEEEEING.
  2126 | D:2      | 2126 ||| FLEEEEING.
  2238 | D:2      | Found a sacrificial altar of Ru.
  2265 | D:2      | 2265 ||| FLEEEEING.
  2266 | D:2      | 2266 ||| FLEEEEING.
  2817 | D:2      | 2817 ||| UPGRADING to +0 ring mail.
  2827 | D:2      | 2827 ||| DROPPING +0 leather armour.
  2828 | D:2      | 2828 ||| DROPPING scarf of invisibility.
  2829 | D:2      | 2829 ||| UPGRADING to +0 pair of boots.
  2834 | D:2      | 2834 ||| READING scroll labelled UDU AZALAAWK.
  2835 | D:2      | 2835 ||| READING scroll labelled IHUENY QOTATRE.
  2836 | D:2      | 2836 ||| READING 3 scrolls labelled VAONUQ HUASE.
  2837 | D:2      | 2837 ||| DRINKING 2 metallic emerald potions.
  2838 | D:2      | 2838 ||| READING 2 scrolls of identify.
  2838 | D:2      | 2838 ||| IDENTIFYING red potion
  2839 | D:2      | 2839 ||| DROPPING potion of invisibility.
  2840 | D:2      | 2840 ||| DROPPING potion of attraction.
  2925 | D:3      | Noticed qw's ghost (amateur TeWr)
  2943 | D:3      | Reached skill level 3 in Unarmed Combat
  2953 | D:3      | Identified the +0 war axe "Okutodij" {spect, Str+3}
  2966 | D:3      | Noticed a small abomination
  2986 | D:3      | Found a transporter.
  3090 | D:3      | Found a one-way gate to the infinite horrors of the Abyss.
  3097 | D:3      | Found a transporter.
  3105 | D:3      | Found Dyqokh's Weapon Emporium.
  3143 | D:3      | Reached skill level 4 in Unarmed Combat
  3143 | D:3      | Reached XP level 4. HP: 31/35 MP: 5/5
  3171 | D:3      | 3171 ||| UPGRADING to +0 chain mail.
  3181 | D:3      | 3181 ||| DROPPING +0 ring mail.
  3208 | D:3      | 3208 ||| Stepping ~*~*~tactically~*~*~ (stealth).
  3623 | D:3      | 3623 ||| UPGRADING to amulet of regeneration.
  3628 | D:3      | 3628 ||| READING scroll labelled FYABLIETWI.
  3639 | D:2      | 3639 ||| Stepping ~*~*~tactically~*~*~ (stealth).
  3645 | D:2      | 3645 ||| Stepping ~*~*~tactically~*~*~ (stealth).
  3651 | D:2      | Reached skill level 1 in Armour
  3656 | D:2      | 3656 ||| Stepping ~*~*~tactically~*~*~ (stealth).
  3660 | D:2      | 3660 ||| READING scroll labelled EHIATY SOELOREOSS.
  3680 | D:3      | 3680 ||| Stepping randomly (stuck).
  3833 | D:4      | 3833 ||| Stepping ~*~*~tactically~*~*~ (outnumbered).
  3837 | D:4      | 3837 ||| Stepping ~*~*~tactically~*~*~ (outnumbered).
  3839 | D:4      | 3839 ||| Stepping ~*~*~tactically~*~*~ (outnumbered).
  3865 | D:4      | Noticed Blork the orc
  3877 | D:4      | HP: 8/36 [Blork the orc/+0 battleaxe (5)]
  3878 | D:4      | HP: 2/36 [Blork the orc/+0 battleaxe (6)]
  3879 | D:4      | Slain by Blork the orc

Levels and vault maps discovered:
D:1:      dpeg_arrival_another_circle, layout_basic, serial_shops, shop_coins
D:2:      layout_basic, basic_altar, shapermc_ecumenical_altar_starsandcircs,
          minmay_between, uniq_robin
D:3:      layout_loops_cross, gammafunk_ghost_abyssal_escape, serial_shops,
          nicolae_shop_bloodbath_and_beyond
D:4:      layout_gridville, minmay_temple_entry_statues_pillars,
          chequers_serial_rivers_small_a, uniq_blork_the_orc

Skill      XL: |  1  2  3  4 |
---------------+-------------+-----
Unarmed Combat | 1 2 4 |  4.0
Fighting       | 1 |  1.6
Armour         | 1 |  1.0
Dodging        | |  1.7
Stealth        | |  2.1
Spellcasting   | |  1.7
Conjurations   | |  0.7
Fire Magic     | |  2.4

Action                   |  1- 3 |  4- 6 || total
-------------------------+-------+-------++-------
Melee: Unarmed           |   133 |    81 ||   214
       Punch             |     3 |     2 ||     5
  Use: Scroll            |     5 |     2 ||     7
       Potion            |     2 |       ||     2
Armor: Robe              |     7 |       ||     7
       Ring mail         |    21 |       ||    21
       Leather armour    |     2 |       ||     2
       Chain mail        |       |    48 ||    48
Dodge: Dodged            |    60 |    18 ||    78

Table legend:
 A = Non-vault XP
 B = Vault XP
 C = Vault XP percentage of total XP
 D = Non-vault monster count
 E = Vault monster count
 F = Vault count percentage of total count
                 A         B        C        D         E       F
            +---------+---------+-------+---------+---------+-------
      Total |     141 |      13 |   8.4 |      54 |       7 |  11.5
            +---------+---------+-------+---------+---------+-------
        D:1 |      39 |       0 |   0.0 |      22 |       0 |   0.0
        D:2 |       5 |      13 |  72.2 |       4 |       7 |  63.6
        D:3 |      80 |       0 |   0.0 |      19 |       0 |   0.0
        D:4 |      17 |       0 |   0.0 |       9 |       0 |   0.0
            +---------+---------+-------+---------+---------+-------
